 Dungeon Crawl Stone Soup version 0.31-a0-632-g766dd24fdf (webtiles) character file.

Game seed: 7662570179131158774

1459 avis the Cleaver (level 8, -1/68 HPs)
             Began as a Hill Orc Monk on Aug 25, 2023.
             Was a Priest of Beogh.
             Shot with an arrow by a centaur (6 damage)
             ... on level 6 of the Dungeon on Aug 26, 2023.
             The game lasted 00:25:45 (5956 turns).

avis the Cleaver (Hill Orc Monk)                    Turns: 5956, Time: 00:25:45

Health: -1/68      AC: 10    Str: 16    XL:     8   Next: 76%
Magic:  12/12      EV: 11    Int: 10    God:    Beogh [***...]
Gold:   299        SH:  0    Dex: 13    Spells: 7/7 levels left

rFire   . . .        a - +0 battleaxe
rCold   . . .        (shield currently unavailable)
rNeg    . . .        e - +4 ring mail {Will+}
rPois   .            (no helmet)
rElec   .            (no cloak)
rCorr   .            H - +0 pair of gloves
SInv    .            (no boots)
Will    +....        (no amulet)
Stlth   +            (no ring)
HPRegen 0.31/turn    (no ring)
MPRegen 0.13/turn

%: no passive effects
@: no status effects
A: no striking features
a: Renounce Religion, Smiting


You were on level 6 of the Dungeon.
You worshipped Beogh.
Beogh was most pleased with you.
You visited 2 branches of the dungeon, and saw 7 of its levels.

You collected 299 gold pieces.

Inventory:

Hand Weapons
 a - a +0 battleaxe (weapon)
 d - a +1 flail of protection
 s - a +0 whip of electrocution
 C - a +0 sling
Missiles
 m - 8 boomerangs
 n - 27 poisoned darts (quivered)
 A - 4 javelins
 D - a throwing net
Armour
 e - a +4 ring mail of willpower (worn)
 B - a +0 chain mail
 H - a +0 pair of gloves (worn)
Wands
 q - a wand of digging (4)
 z - a wand of mindburst (12)
 G - a wand of charming (11)
Scrolls
 b - a scroll of amnesia {unknown}
 c - 5 scrolls of identify {unknown}
 f - a scroll of acquirement {unknown}
 h - a scroll of poison {unknown}
 j - a scroll of enchant armour {unknown}
 o - 3 scrolls of enchant weapon {unknown}
 u - 5 scrolls of teleportation {unknown}
 v - a scroll of noise {unknown}
 w - a scroll of revelation {unknown}
 F - a scroll of fear {unknown}
Potions
 g - 3 potions of curing
 i - a potion of might {unknown}
 k - a potion of brilliance {unknown}
 p - a potion of mutation {unknown}
 r - a potion of haste
 t - a potion of invisibility {unknown}
 x - a potion of lignification {unknown}
 J - a potion of resistance {unknown}


   Skills:
 - Level 5.0 Fighting
 * Level 12.1 Axes
 - Level 2.5 Dodging
 + Level 6.2 Invocations


You had 7 spell levels left.
You didn't know any spells.
Your spell library contained the following spells:

 Spells                   Type           Power      Damage    Failure   Level
 Freeze                   Ice            0%         1d3       58%         1
 Frozen Ramparts          Ice            0%         1d1       91%         3
 Hailstorm                Conj/Ice       0%         3d3       91%         3
 Olgreb's Toxic Radiance  Pois           0%         N/A       100%        4
 Summon Lightning Spire   Summ/Air       0%         N/A       100%        4
 Conjure Ball Lightning   Conj/Air       0%         3x3d6     100%        6


Dungeon Overview and Level Annotations

Branches:
Dungeon (6/15)             Temple (1/1) D:6

Altars:
Ashenzari
Cheibriados
Dithmenos
Elyvilon
Fedhas
Gozag
Hepliaklqana
Kikubaaqudgha
Makhleb
Ru
Uskayaw
Vehumet
Wu Jian
Yredelemnul
The Shining One


Message History

* * * LOW HITPOINT WARNING * * *
The orc wizard hits you but does no damage.
The orc wizard barely misses you.
Your orc wizard points at the orc wizard and mumbles some strange words.
The orc wizard appears confused.
The orc hits you with a +0 hand axe.
* * * LOW HITPOINT WARNING * * *
You hit the orc.
The orc is severely wounded.
You hit the orc wizard but do no damage.
The orc wizard hits you but does no damage.
Your orc wizard hits the orc wizard but does no damage.
The orc barely misses you.
You hit the orc.
You kill the orc!
Beogh accepts your kill.
You catch the helpless orc wizard completely off-guard!
You slash the orc wizard!
You kill the orc wizard!
Beogh accepts your kill.
Things that are here:
a +0 hand axe; a +0 dagger; a +0 leather armour Unknown command.
You swap places.
Things that are here:
a +0 dagger; a +0 robe; an orc corpse
Things that are here:
a +0 whip; an orc corpse You hear the rusting of a very distant drain.
Found a blossoming altar of Fedhas.
A centaur and an ogre come into view.
The ogre shouts!
The centaur wields a +0 orcbow.
The centaur shoots an arrow.
The arrow hits you but does no damage.
The centaur shoots an arrow.
The arrow hits you.
* * * LOW HITPOINT WARNING * * *
The centaur wields a +0 shortbow.
The centaur shoots an arrow.
The arrow hits you!
* * * LOW HITPOINT WARNING * * *
The centaur shoots an arrow.
The arrow hits you.
You die...

###..# #.# .≈~≈~≈..
##'### #.# ≈~≈c≈O≈
#####....####.##.≈~≈~≈≈~
#....))).........≈~≈≈~≈≈
#........####..# ≈≈~≈≈~~
#........#.....##~≈≈~≈≈≈
#........#.P.P.o........
########.#.._...########
#.#.P.P@## #.......#
#########


You could see a centaur (ally target) and a friendly orc wizard.

Vanquished Creatures
  Edmund (D:6)
  2 black bears (D:5)
  An ogre (D:6)
  A centaur (D:6)
  A phantom (D:5)
  A gnoll sergeant (D:5)
  3 scorpions
  A howler monkey (D:6)
  A hound (D:5)
  2 jellies
  5 orc priests (D:5)
  A sleepcap (D:4)
  Natasha (thrice) (D:4)
  2 orc wizards
  7 gnolls (D:5)
  5 adders
  A shadow imp (D:5)
  2 white imps (D:6)
  2 dart slugs
  4 worms
  24 orcs
  2 bats
  6 endoplasms
  2 giant cockroaches
  4 hobgoblins
  7 jackals
  7 kobolds
  3 quokkas
  8 ball pythons
  3 frilled lizards
  10 goblins
  3 rats
125 creatures vanquished.

Vanquished Creatures (others)
  2 orcs (D:6)
2 creatures vanquished.

Grand Total: 127 creatures vanquished

Notes
Turn   | Place    | Note
-------+----------+-------------------------------------------
     0 | D:1      | avis the Hill Orc Monk began the quest for the Orb.
     0 | D:1      | Reached XP level 1. HP: 19/19 MP: 1/1
   333 | D:1      | HP: 1/20 [constriction (1)]
   340 | D:1      | HP: 1/20 [goblin/+0 club (1)]
   346 | D:1      | Reached XP level 2. HP: 26/27 MP: 2/2
   397 | D:1      | Found a faded altar of an unknown god.
  1008 | D:2      | Reached XP level 3. HP: 33/33 MP: 3/3
  1063 | D:2      | Found a blossoming altar of Fedhas.
  1174 | D:2      | Reached skill level 5 in Axes
  2393 | D:3      | Reached XP level 4. HP: 41/41 MP: 4/4
  2587 | D:3      | Found an opulent altar of Gozag.
  2678 | D:3      | Found a hazy altar of Hepliaklqana.
  2711 | D:3      | Reached skill level 6 in Axes
  2785 | D:3      | Found a glowing golden altar of the Shining One.
  2964 | D:4      | Noticed Natasha
  2971 | D:4      | Reached XP level 5. HP: 40/47 MP: 5/5
  2971 | D:4      | Killed Natasha
  2972 | D:4      | Reached skill level 5 in Fighting
  3007 | D:4      | Reached skill level 7 in Axes
  3279 | D:4      | HP: 1/48 [goblin/+0 club (4)]
  3503 | D:3      | Reached XP level 6. HP: 47/56 MP: 6/6
  3588 | D:4      | Noticed Natasha
  3594 | D:4      | Killed Natasha
  3600 | D:4      | Became a worshipper of Beogh the Brigand
  3600 | D:4      | Reached * piety under Beogh
  3600 | D:4      | Reached ** piety under Beogh
  3742 | D:4      | Noticed Natasha
  3743 | D:4      | Reached skill level 8 in Axes
  3754 | D:4      | Killed Natasha
  4034 | D:5      | Entered Level 5 of the Dungeon
  4117 | D:5      | Got the Incunable of Stormy Toxicants
  4224 | D:5      | Reached skill level 1 in Invocations
  4387 | D:5      | Reached skill level 9 in Axes
  4387 | D:5      | Reached XP level 7. HP: 61/61 MP: 8/8
  4431 | D:5      | Found an ornate altar of the Wu Jian Council.
  4931 | D:5      | Reached skill level 10 in Axes
  5128 | D:5      | Reached XP level 8. HP: 47/68 MP: 11/11
  5288 | D:5      | Reached *** piety under Beogh
  5293 | D:5      | Reached skill level 11 in Axes
  5717 | D:6      | Found a staircase to the Ecumenical Temple.
  5737 | Temple   | Entered the Ecumenical Temple
  5786 | D:6      | Found a basalt altar of Yredelemnul.
  5792 | D:6      | Reached skill level 5 in Invocations
  5811 | D:6      | Noticed Edmund
  5842 | D:6      | Killed Edmund
  5922 | D:6      | Reached skill level 12 in Axes
  5946 | D:6      | Found a blossoming altar of Fedhas.
  5956 | D:6      | Shot with an arrow by a centaur

Illustrated notes

Levels and vault maps discovered:
D:1:      evilmike_arrival_hilbert_curve, layout_loops_ring,
          hellmonk_ecumenical_altar_slurped_away
D:2:      layout_basic, basic_altar
D:3:      layout_basic, grunt_gozag_statues, nicolae_hepliaklqana_hazy_memory,
          tso_oasis_becter
D:4:      layout_basic, uniq_natasha
D:5:      layout_loops_cross, mainiacjoe_overflow_24_doors,
          hangedman_decor_opposing
D:6:      nicolae_whirlpool, layout_basic, mainiacjoe_overflow_paths,
          fedhas_altar_1, minmay_temple_entry_wispy, lightli_sewer_entry_pipes,
          kennysheep_generic_room_9, uniq_edmund
Temple:   hellmonk_temple_rainy

Skill      XL: |  1  2  3  4  5  6  7  8 |
---------------+-------------------------+-----
Fighting       | 4 5 |  5.0
Axes           | 5 6 7 9 10 12 | 12.1
Invocations    | 2 4 6 |  6.2
Dodging        | |  2.5

Action                     |  1- 3 |  4- 6 |  7- 9 || total
---------------------------+-------+-------+-------++-------
  Melee: Battleaxe         |   104 |   120 |   124 ||   348
         Hand axe          |     1 |       |       ||     1
  Throw: Dart              |       |     3 |       ||     3
 Invoke: Convert to Beogh  |       |     1 |       ||     1
    Use: Potion            |     1 |       |     6 ||     7
   Stab: Sleeping          |     2 |       |       ||     2
         Confused          |       |       |     1 ||     1
 Armour: Robe              |    13 |       |       ||    13
         Leather armour    |     1 |       |       ||     1
         Scale mail        |    15 |    43 |       ||    58
         Chain mail        |       |     9 |    34 ||    43
         Ring mail         |       |       |    11 ||    11
  Dodge: Dodged            |    76 |    72 |    44 ||   192

Table legend: (Time is in decaauts)
 A = Elapsed time spent in this place.
 B = Non-inter-level travel time spent in this place.
 C = Inter-level travel time spent in this place.
 D = Time resting spent in this place.
 E = Time spent auto-exploring this place.
 F = Levels seen in this place.
 G = Mean time per level.
                   A        B        C        D        E       F      G
               +--------+--------+--------+--------+--------+-----+--------+
         Total |   6059 |   5216 |    843 |   1220 |   2391 |   7 |  865.6 |
       Dungeon |   6034 |   5191 |    843 |   1220 |   2391 |   6 | 1005.7 |
        Temple |     24 |     24 |      0 |      0 |      0 |   1 |   24.0 |
               +--------+--------+--------+--------+--------+-----+--------+

Top non-repeatable levels by time:
     D:5: 1552 daAuts
     D:1: 1269 daAuts
     D:2: 1130 daAuts
     D:3: 993 daAuts
     D:4: 858 daAuts
     D:6: 228 daAuts
  Temple: 24 daAuts
